 Dungeon Crawl Stone Soup version 0.25.0-26-g0c896c7088 (webtiles) character file.

Game seed: 6819587641615674922

67 MisterFreud the Insei (level 3, 0/29 HPs)
             Began as a Demonspawn Abyssal Knight on July 5, 2020.
             Was a Follower of Lugonu.
             Slain by a gnoll
             ... wielding a +0 whip
              (1 damage)
             ... on level 3 of the Dungeon.
             The game lasted 00:03:11 (2474 turns).

MisterFreud the Insei (Demonspawn Abyssal Knight)   Turns: 2474, Time: 00:03:12

Health: 0/29       AC:  3    Str: 12    XL:     3   Next: 98%
Magic:  4/4        EV:  8    Int: 12    God:    Lugonu [*.....]
Gold:   147        SH:  0    Dex: 12    Spells: 2/2 levels left

rFire    . . .     SeeInvis .     - Unarmed
rCold    . . .     Gourm    .   (no shield)
rNeg     . . .     Faith    .   a - +0 leather armour
rPois    +         Spirit   .   (no helmet)
rElec    .         Reflect  .   (no cloak)
rCorr    .         Harm     .   (no gloves)
MR       +....     Clarity  +   (no boots)
Stlth    +.........             (no amulet)
HPRegen  0.09/turn              (no ring)
MPRegen  0.09/turn              (no ring)

@: constricted, very slow
A: clarity, dopey 1, magic resistance 1, poison resistance, powered by pain 2
a: Depart the Abyss, Renounce Religion


You were on level 3 of the Dungeon.
You worshipped Lugonu.
Lugonu was aware of your devotion.
You were not hungry.

You visited 1 branch of the dungeon, and saw 3 of its levels.
You visited the Abyss 1 time.

You collected 147 gold pieces.

Inventory:

Armour
 a - a +0 leather armour (worn)
Scrolls
 c - a scroll of fog
 e - a scroll of identify
Potions
 g - a potion of invisibility {unknown}
Comestibles
 b - 6 rations
 j - a chunk of flesh


   Skills:
 - Level 3.0 Fighting
 - Level 1.7 Armour
 - Level 0.8 Dodging
 + Level 3.9 Unarmed Combat
 - Level 2.4 Invocations


You had 2 spell levels left.
You didn't know any spells.
Your spell library was empty.

Dungeon Overview and Level Annotations

Branches:
Dungeon (3/15)

Altars:
Cheibriados

Portals:
Sewer: D:3


Innate Abilities, Weirdness & Mutations

You sometimes gain power by taking damage.
You possess an exceptional clarity of mind.
You are dopey. (Int -2)
You are resistant to hostile enchantments. (MR+)
Your system is resistant to poisons. (rPois)


Message History

The ball python constricts you. The rat bites you.
* * * LOW HITPOINT WARNING * * *
You escape the ball python's grasp.
The ball python bites you but does no damage.
The ball python closely misses you.
The ball python bites you but does no damage.
The ball python grabs you. The ball python constricts you.
The rat splashes around in the water.
The gnoll barely misses you. The ball python barely misses you.
The ball python constricts you.
The rat twitches its whiskers.
The rat bites you.
* * * LOW HITPOINT WARNING * * *
Okay, then.
Unknown command.
It was a potion of mutation.
You feel extremely strange.
You feel stupid.
You feel resistant to hostile enchantments.
Your thoughts seem clearer.
You feel resistant to poisons. The gnoll hits you with a +0 whip.
You die...

.. ... #. ..
##.#### ...
##.....##..
#.#....≈≈#
#....≈≈≈#
#..≈≈≈≈#
#..rr≈≈#
#.g@S≈∩#
####.###### ####
#.g....# ...
#.##.#.#
###.##.##.#.#
.##.....g##.. .
....#.#..####.##
##......####.#
.#.#..
##.#.#...(...#
.....#


You could see 2 gnolls, a ball python and 2 rats.

Vanquished Creatures
  A river rat (D:3)
  2 adders (D:2)
  An ooze (D:1)
  A dart slug (D:2)
  4 giant cockroaches
  5 goblins (D:2)
  3 hobgoblins
  5 kobolds
  2 ball pythons
  5 bats
  A frilled lizard (D:3)
  3 rats
33 creatures vanquished.

Notes
Turn   | Place    | Note
-------+----------+-------------------------------------------
     0 | Abyss:1  | MisterFreud the Demonspawn Abyssal Knight began the quest
                  | for the Orb.
     0 | Abyss:1  | Reached XP level 1. HP: 18/18 MP: 2/2
    47 | Abyss:1  | Noticed a shadow
    48 | D:1      | Escaped the Abyss
   561 | D:1      | Gained mutation: You sometimes gain a little power by
                  | taking damage. [demonic ancestry]
   561 | D:1      | Reached XP level 2. HP: 24/24 MP: 3/3
  1162 | D:2      | Reached * piety under Lugonu
  1595 | D:2      | Gained mutation: You sometimes gain power by taking damage.
                  | [demonic ancestry]
  1595 | D:2      | Reached XP level 3. HP: 12/29 MP: 4/4
  2334 | D:3      | Found a snail-covered altar of Cheibriados.
  2469 | D:3      | Found a glowing drain.
  2471 | D:3      | HP: 1/29 [rat (3)]
  2474 | D:3      | Gained mutation: You are dopey. (Int -2) [potion of
                  | mutation]
  2474 | D:3      | Gained mutation: You are resistant to hostile enchantments.
                  | (MR+) [potion of mutation]
  2474 | D:3      | Gained mutation: You possess an exceptional clarity of
                  | mind. [potion of mutation]
  2474 | D:3      | Gained mutation: Your system is resistant to poisons.
                  | (rPois) [potion of mutation]
  2474 | D:3      | Slain by a gnoll

Illustrated notes

Levels and vault maps discovered:
D:1:      minmay_arrival_plants_in_alcoves, layout_basic
D:2:      layout_rooms
D:3:      layout_loops_cross, lightli_temple_of_fire, cheibriados_altar_1,
          lemuel_round_altar, first_ration, portal_sewer_entry_b, serial_glass,
          glass_columns_c, glass_columns_a, glass_columns_a, glass_columns_b,
          glass_columns_a, glass_columns_a, glass_columns_a, glass_columns_a,
          glass_columns_a, glass_columns_a, glass_columns_c, glass_columns_c,
          glass_columns_a, glass_columns_b, minmay_misc_feat_secret_circle,
          grunt_dithmenos_smoke

Skill      XL: |  1  2 |
---------------+-------+-----
Unarmed Combat | 2 3 |  3.9
Fighting       | |  3.0
Armour         | |  1.7
Dodging        | |  0.8
Invocations    | |  2.4

Action                   || total
-------------------------++-------
Melee: Unarmed           ||   185
       Punch             ||     3
Invok: Depart the Abyss  ||     1
  Use: Potion            ||     3
       Scroll            ||     3
 Stab: Sleeping          ||     1
  Eat: Chunk             ||     5
Armor: Leather armour    ||    62
Dodge: Dodged            ||   144
